 Dungeon Crawl Stone Soup version 0.29-a0-321-gf1c400731a (webtiles) character file.

Game seed: 4895161254439338021

5 Flugslaktarn the Stinger (level 1, 0/13 HPs)
             Began as a Human Venom Mage on Apr 4, 2022.
             Slain by a ball python (1 damage)
             ... on level 1 of the Dungeon.
             The game lasted 00:00:25 (112 turns).

Flugslaktarn the Stinger (Human Venom Mage)          Turns: 112, Time: 00:00:26

Health: 0/13       AC:  2    Str:  8    XL:     1   Next: 88%
Magic:  0/3        EV:  9    Int: 15    God:
Gold:   10         SH:  0    Dex: 13    Spells: 3/4 levels left

rFire   . . .      SeeInvis .   c - +0 dagger
rCold   . . .      Faith    .   (no shield)
rNeg    . . .      Spirit   .   a - +0 robe
rPois   .          Reflect  .   (no helmet)
rElec   .          Harm     .   (no cloak)
rCorr   .          Rampage  .   (no gloves)
Will    .....                   (no boots)
Stlth   ++........              (no amulet)
HPRegen 0.04/turn               (no ring)
MPRegen 0.08/turn               (no ring)

@: constricted
A: no striking features
a: no special abilities


You were on level 1 of the Dungeon.
You visited 1 branch of the dungeon, and saw 1 of its levels.

You collected 10 gold pieces.

Inventory:

Hand Weapons
 c - a +0 dagger (weapon)
   (You found it on level 1 of the Dungeon)
Armour
 a - a +0 robe (worn)
Potions
 b - a potion of magic
 d - a potion of heal wounds {unknown}


   Skills:
 - Level 2.0 Dodging
 - Level 2.0 Stealth
 - Level 2.0 Spellcasting
 + Level 1.8 Transmutations
 - Level 3.0 Poison Magic


You had 3 spell levels left.
You knew the following spells:

 Your Spells              Type           Power      Damage    Failure   Level
a - Sting                 Tmut/Pois      32%        1d4       9%          1

Your spell library contained the following spells:

 Spells                   Type           Power      Damage    Failure   Level
 Poisonous Vapours        Pois/Air       12%        N/A       19%         2
 Mephitic Cloud           Conj/Pois/Air  4%         N/A       41%         3
 Olgreb's Toxic Radiance  Pois           10%        N/A       54%         4


Dungeon Overview and Level Annotations

Branches:
Dungeon (1/15)

Altars:


Message History

You escape the ball python's grasp.
The ball python attacks as you move away!
The ball python bites you but does no damage.
The ball python looks more healthy.
The ball python attacks as you move away!
The ball python bites you.
Found a sapphire potion.
The ball python misses you. The ball python grabs you.
The ball python constricts you.
You escape the ball python's grasp.
Casting: Sting (safe; 10% risk of failure)
Confirm with . or Enter, or press ? or * to list all spells.
Aiming: Sting (safe; 10% risk of failure)
Press: ? - help, Shift-Dir - straight line, f/p - ball python
Aim: a ball python (severely wounded, 64% to hit)
The sting hits the ball python.
The ball python is poisoned.
You kill the ball python!
A rat comes into view.
A dart slug comes into view.
You see here a sapphire potion.
d - a sapphire potion
Casting: Sting (safe; 10% risk of failure)
Confirm with . or Enter, or press ? or * to list all spells.
Aiming: Sting (safe; 10% risk of failure)
Press: ? - help, Shift-Dir - straight line, f - rat
Aim: a rat (68% to hit)
You miscast Sting.
You are very lightly contaminated with residual magic.
Nothing appears to happen.
You closely miss the rat. The rat closely misses you.
Casting: Sting (safe; 10% risk of failure)
Confirm with . or Enter, or press ? or * to list all spells.
Aiming: Sting (safe; 10% risk of failure)
Press: ? - help, Shift-Dir - straight line, f/p - rat
Aim: a rat (68% to hit)
The sting hits the rat.
The rat is poisoned.
You kill the rat!
The dart slug launches a dart at you. The slug dart misses you.
You see here a rat corpse.
Casting: Sting (safe; 10% risk of failure)
Confirm with . or Enter, or press ? or * to list all spells.
You don't have enough magic to cast this spell.
You hit the dart slug but do no damage. You hit the dart slug but do no damage.
The dart slug barely misses you.
You hit the dart slug.
The dart slug is lightly wounded.
The dart slug closely misses you.
Your magical contamination has completely faded away.
You hit the dart slug.
The dart slug is moderately wounded.
The dart slug launches a dart at you. The slug dart hits you.
You hit the dart slug.
The dart slug is severely wounded.
You hit the dart slug but do no damage.
The dart slug is severely wounded.
The dart slug closely misses you.
Casting: Sting (safe; 10% risk of failure)
Confirm with . or Enter, or press ? or * to list all spells.
Aiming: Sting (safe; 10% risk of failure)
Press: ? - help, Shift-Dir - straight line, f - dart slug
Aim: a dart slug (severely wounded, 100% to hit)
The sting hits the dart slug but does no damage.
The dart slug is poisoned.
The dart slug is severely wounded.
You kill the dart slug!
A goblin comes into view. It is wielding a +0 dagger.
The goblin shouts!
You see here a dart slug corpse.
A ball python comes into view.
Found 14 gold pieces.
The ball python moves out of view.
Found a plate armour.
A ball python comes into view.
The goblin attacks as you move away! The goblin closely misses you.
The ball python hisses angrily.
The goblin attacks as you move away! The goblin closely misses you.
The goblin attacks as you move away! The goblin closely misses you.
The goblin attacks as you move away! The goblin closely misses you.
The goblin attacks as you move away! The goblin closely misses you.
Casting: Sting (safe; 9% risk of failure)
Confirm with . or Enter, or press ? or * to list all spells.
Aiming: Sting (safe; 9% risk of failure)
Press: ? - help, Shift-Dir - straight line, f - goblin
Aim: a goblin, wielding a +0 dagger (60% to hit)
The sting hits the goblin.
The goblin is poisoned.
You kill the goblin!
You barely miss the ball python. The ball python bites you.
The ball python misses you.
You closely miss the ball python. The ball python barely misses you.
The ball python grabs you. The ball python constricts you.
The ball python bites you. The ball python constricts you.
You completely miss the ball python. The ball python barely misses you.
The ball python constricts you.
You barely miss the ball python. The ball python bites you.
* * * LOW HITPOINT WARNING * * *
The ball python constricts you.
* * * LOW HITPOINT WARNING * * *
You hit the ball python.
The ball python is severely wounded.
The ball python bites you.
You die...

###.### ###### #e#.#i#
###...S# ###.### ..
......##### ##p#.#T#
#.###.#......##..###.###
................##f#.#m#
#.###.#......### ###.###
#.#$#.#........###h#.#B#
#.###.#......#)S@###.###
........##...#####x#.#V#
#.###.#.###### ###.###
........### #Q#.#K#
.###†##.....# ###.###
#†##.###... #.#.#6#
####....# # ###'### #
#....#.#.... #.# ..
#....#.#. .. .# #.# .#


You could see a ball python.

Vanquished Creatures
  A dart slug (D:1)
  A goblin (D:1)
  A ball python (D:1)
  A rat (D:1)
4 creatures vanquished.

Notes
Turn   | Place    | Note
-------+----------+-------------------------------------------
     0 | D:1      | Flugslaktarn the Human Venom Mage began the quest for the
                  | Orb.
     0 | D:1      | Reached XP level 1. HP: 13/13 MP: 3/3
     3 | D:1      | Noticed a draconian
     3 | D:1      | Noticed an ogre
     5 | D:1      | Noticed a dwarf
     5 | D:1      | Noticed a demigod
     7 | D:1      | Noticed a naga
     9 | D:1      | Noticed a ghoul
    13 | D:1      | Noticed a gargoyle
    13 | D:1      | Noticed a minotaur
    15 | D:1      | Noticed an elf
    15 | D:1      | Noticed a spriggan
    17 | D:1      | Noticed a human
    17 | D:1      | Noticed a troll
    19 | D:1      | Noticed a vine stalker
    19 | D:1      | Noticed a merfolk
    21 | D:1      | Noticed a felid
    21 | D:1      | Noticed a formicid
    23 | D:1      | Noticed an octopode
    23 | D:1      | Noticed a vampire
    25 | D:1      | Noticed a tengu
    27 | D:1      | Noticed a demonspawn
   112 | D:1      | Slain by a ball python

Illustrated notes

Levels and vault maps discovered:
D:1:      kb_arrival_jail, layout_rooms, minmay_surrounded

Action                   || total
-------------------------++-------
Melee: Dagger            ||    12
 Cast: Sting             ||     5
Armor: Robe              ||     2
Dodge: Dodged            ||    14

Table legend: (Time is in decaauts)
 A = Elapsed time spent in this place.
 B = Non-inter-level travel time spent in this place.
 C = Inter-level travel time spent in this place.
 D = Time resting spent in this place.
 E = Time spent auto-exploring this place.
 F = Levels seen in this place.
 G = Mean time per level.
                   A        B        C        D        E       F      G
               +--------+--------+--------+--------+--------+-----+--------+
         Total |    111 |    111 |      0 |      0 |      0 |   1 |  111.0 |
       Dungeon |    111 |    111 |      0 |      0 |      0 |   1 |  111.0 |
               +--------+--------+--------+--------+--------+-----+--------+

Top non-repeatable levels by time:
     D:1: 111 daAuts
